 Dungeon Crawl Stone Soup version 0.24-a0-613-g1ff6aac338 (webtiles) character file.

Game seed: 16603673787654873190, levelgen mode: deterministic

113 Jorund the Chopper (level 5, 0/38 HPs)
             Began as a Formicid Skald on Sept 11, 2019.
             Succumbed to a killer bee's poison
             ... on level 3 of the Dungeon.
             The game lasted 00:03:27 (1492 turns).

Jorund the Chopper (Formicid Skald)                 Turns: 1492, Time: 00:03:27

Health: 0/38       AC:  3    Str: 15    XL:     5   Next: 17%
Magic:  2/9        EV: 12    Int: 14    God:
Gold:   115        SH:  0    Dex: 16    Spells: 6/9 levels left

rFire    . . .     SeeInvis +   a - +0 hand axe
rCold    . . .     Gourm    .   (no shield)
rNeg     . . .     Faith    .   b - +0 leather armour
rPois    .         Spirit   .   (helmet unavailable)
rElec    .         Reflect  .   (no cloak)
rCorr    +         Harm     .   (no gloves)
MR       .....                  (no boots)
Stlth    +.........             (no amulet)
HPRegen  0.12/turn              c - +6 ring of dexterity
MPRegen  0.11/turn              l - ring of resist corrosion

@: lethally poisoned (0 -> -11)
A: permanent stasis, dig shafts and tunnels, four strong arms, antennae 3
a: Dig, Shaft Self


You were on level 3 of the Dungeon.
You were not hungry.

You visited 1 branch of the dungeon, and saw 3 of its levels.

You collected 115 gold pieces.

Inventory:

Hand Weapons
 a - a +0 hand axe (weapon)
Missiles
 f - 41 bolts
 i - 11 poisoned darts (quivered)
Armour
 b - a +0 leather armour (worn)
Jewellery
 c - a +6 ring of dexterity (left hand)
 l - a ring of resist corrosion (right hand)
Scrolls
 e - a scroll of enchant armour {unknown}
 g - a scroll of teleportation {unknown}
 j - 2 scrolls of identify
 m - a scroll of fear {unknown}
 o - a scroll of immolation {unknown}
Potions
 n - a potion of haste
Comestibles
 d - 2 rations


   Skills:
 - Level 2.1 Fighting
 + Level 3.8 Axes
 + Level 2.1 Armour
 - Level 1.7 Dodging
 + Level 2.7 Spellcasting
 + Level 3.6 Charms


You had 6 spell levels left.
You knew the following spells:

 Your Spells              Type           Power        Failure   Level  Hunger
a - Infusion              Chrm           ##..         6%          1    #......
b - Song of Slaying       Chrm           ##......     10%         2    ###....

Your spell library contained the following spells:

 Spells                   Type           Power        Failure   Level  Hunger
 Shroud of Golubria       Chrm/Tloc      #.....       21%         2    ###....
 Regeneration             Chrm/Necr      #.........   36%         3    ###....
 Spectral Weapon          Hex/Chrm       #.......     36%         3    ###....


Dungeon Overview and Level Annotations

Branches:
Dungeon (3/15)

Altars:
Fedhas
Nemelex Xobeh
Okawaru
Zin


Innate Abilities, Weirdness & Mutations

You cannot be hasted, slowed, berserked, paralysed or teleported.
You can dig through walls and to a lower floor.
Your four strong arms can wield two-handed weapons with a shield.
You have a pair of large antennae on your head. (SInv)


Message History

The orc closely misses you.
Unknown command.
You hit the orc.
You kill the orc!
You closely miss the killer bee. The killer bee stings you.
You are more poisoned.
The killer bee poisons you! The killer bee stings you.
* * * LOW HITPOINT WARNING * * *
Unknown command.
You barely miss the jackal. You hit the killer bee.
* * * LOW HITPOINT WARNING * * *
You feel sick. The killer bee closely misses you. The jackal misses you.
The killer bee stings you!
* * * LOW HITPOINT WARNING * * *
The jackal misses you. The killer bee misses you.
Unknown command.
You hit the jackal.
You kill the jackal!
You miss the killer bee.
You die...

#### #...# #######
...#.##hSy@)#
.#.....h###<#
.......{# #y#
#.....{.###y######
##..###...)y.......
#. ###.#.####### #
#†#.# #{#.# #{#.#


You could see 4 killer bees, an adder and 2 jackals.

Vanquished Creatures
  An orc wizard (D:3)
  3 adders (D:2)
  An ooze (D:1)
  A worm (D:2)
  A leopard gecko (D:2)
  4 orcs (D:3)
  A ball python (D:1)
  7 bats
  2 giant cockroaches
  6 goblins
  5 hobgoblins
  2 jackals (D:3)
  3 kobolds
  A frilled lizard (D:1)
  5 rats
43 creatures vanquished.

Notes
Turn   | Place    | Note
-------+----------+-------------------------------------------
     0 | D:1      | Jorund the Formicid Skald began the quest for the Orb.
     0 | D:1      | Reached XP level 1. HP: 16/16 MP: 3/3
    53 | D:1      | Reached XP level 2. HP: 17/22 MP: 0/5
   271 | D:1      | Reached XP level 3. HP: 17/27 MP: 6/6
   708 | D:2      | Reached XP level 4. HP: 28/33 MP: 0/7
  1339 | D:2      | Found a sparkling altar of Nemelex Xobeh.
  1342 | D:2      | Found an iron altar of Okawaru.
  1345 | D:2      | Found a blossoming altar of Fedhas.
  1348 | D:2      | Found a glowing silver altar of Zin.
  1450 | D:2      | Learned a level 2 spell: Song of Slaying
  1466 | D:3      | Reached XP level 5. HP: 31/38 MP: 1/9
  1491 | D:3      | HP: 1/38 [killer bee (8)]
  1492 | D:3      | Succumbed to a killer bee's poison

Levels and vault maps discovered:
D:1:      lightli_arrival_flooded_house, layout_rooms
D:2:      layout_loops_ring, grunt_temple_overflow_cloverleaf, first_ration,
          minmay_pentomino_pile
D:3:      lemuel_upstairs_altar, layout_loops_ring, uniq_natasha, uniq_robin,
          uniq_grinder

Skill      XL: |  1  2  3  4 |
---------------+-------------+-----
Axes           | 3 |  3.8
Armour         | 2 |  2.1
Fighting       | |  2.1
Dodging        | |  1.7
Spellcasting   | |  2.7
Charms         | |  3.6

Action                   |  1- 3 |  4- 6 || total
-------------------------+-------+-------++-------
Melee: Hand axe          |   104 |    43 ||   147
 Cast: Infusion          |     6 |     1 ||     7
  Use: Scroll            |     3 |       ||     3
       Potion            |       |     2 ||     2
 Stab: Sleeping          |       |     2 ||     2
  Eat: Ration            |       |     1 ||     1
Armor: Leather armour    |    55 |     7 ||    62
Dodge: Dodged            |   110 |    49 ||   159

Table legend:
 A = Non-vault XP
 B = Vault XP
 C = Vault XP percentage of total XP
 D = Non-vault monster count
 E = Vault monster count
 F = Vault count percentage of total count
                 A         B        C        D         E       F
            +---------+---------+-------+---------+---------+-------
      Total |     145 |      17 |  10.5 |      40 |       3 |   7.0
            +---------+---------+-------+---------+---------+-------
        D:1 |      44 |       0 |   0.0 |      23 |       0 |   0.0
        D:2 |      45 |      17 |  27.4 |      10 |       3 |  23.1
        D:3 |      56 |       0 |   0.0 |       7 |       0 |   0.0
            +---------+---------+-------+---------+---------+-------
